 Dungeon Crawl Stone Soup version 0.28-a0-883-gc8d7bad45d (webtiles) character file.

Game seed: 16372994875252015855

6669 willcat the Magician (level 10, -2/67 HPs)
             Began as a Mummy Brigand on Nov 22, 2021.
             Was an Elder of Sif Muna.
             Slain by a two-headed ogre (27 damage)
             ... on level 9 of the Dungeon.
             The game lasted 00:15:50 (10019 turns).

willcat the Magician (Mummy Brigand)               Turns: 10019, Time: 00:15:57

Health: -2/67      AC: 12    Str: 14    XL:     10   Next: 73%
Magic:  14/20      EV: 12    Int: 16    God:    Sif Muna [****..]
Gold:   306        SH:  6    Dex: 21    Spells: 15/23 levels left

rFire   x . .      SeeInvis .   a - +8 dagger "Zyfuz" {protect, *Corrode rElec rN++ Int+3}
rCold   + . .      Faith    .   q - +0 buckler
rNeg    + + +      Spirit   .   G - +0 acid dragon scales
rPois   ∞          Reflect  .   n - +0 helmet
rElec   +          Harm     .   c - +0 cloak
rCorr   +          Rampage  .   p - +1 pair of gloves
Will    +....                   y - +1 pair of boots
Stlth   ++++......              u - amulet of regeneration
HPRegen 1.21/turn               r - +6 ring of dexterity
MPRegen 0.17/turn               (no ring)

@: confusing by touch
A: cold resistance 1, negative energy resistance 3, torment resistance 2, heat
vulnerability 1, no potions
a: Renounce Religion, Channel Magic, Forget Spell, Divine Exegesis


You were on level 9 of the Dungeon.
You worshipped Sif Muna.
Sif Muna was greatly pleased with you.
You visited 1 branch of the dungeon, and saw 9 of its levels.
You also visited: Sewer.

You collected 523 gold pieces.
You spent 217 gold pieces at shops.

Inventory:

Hand Weapons
 a - the +8 dagger "Zyfuz" (weapon) {protect, *Corrode rElec rN++ Int+3}
   (You bought it in a shop on level 6 of the Dungeon)

   It grants its wielder temporary protection when it strikes (+7 to AC).
   Int:       It affects your intelligence (+3).
   rElec:     It insulates you from electricity.
   rN:        It greatly protects you from negative energy.
   *Corrode:  It may corrode you when you take damage.
 b - a +2 short sword of electrocution
Missiles
 d - 27 poisoned darts
 e - 2 curare-tipped darts
 k - 3 throwing nets (quivered)
Armour
 c - a +0 cloak (worn)
 n - a +0 helmet (worn)
 p - a +1 pair of gloves (worn)
 q - a +0 buckler (worn)
 s - a +1 robe of willpower
 y - a +1 pair of boots (worn)
 G - +0 acid dragon scales (worn)
Jewellery
 r - a +6 ring of dexterity (left hand)
 u - an amulet of regeneration (around neck)
 B - a ring of ice
Wands
 g - a wand of polymorph (22)
 o - a wand of charming (2)
 A - a wand of acid (6)
 C - a wand of flame (13)
 D - a wand of iceblast (8)
 E - a wand of paralysis (13)
 F - a wand of mindburst (13)
Scrolls
 f - 4 scrolls of teleportation
 h - 3 scrolls of magic mapping
 i - a scroll of noise {unknown}
 j - 3 scrolls of vulnerability
 l - 4 scrolls of enchant weapon
 m - a scroll of torment
 t - 2 scrolls of fear
 v - a scroll of blinking {unknown}
 w - 2 scrolls of brand weapon {unknown}
 x - 3 scrolls of amnesia {unknown}
 z - a scroll of immolation {unknown}
 H - a scroll of identify


   Skills:
 - Level 2.0 Fighting
 + Level 5.7 Short Blades
 - Level 2.2 Throwing
 + Level 0.2 Armour
 - Level 2.6 Dodging
 + Level 6.9 Stealth
 - Level 4.3 Shields
 + Level 7.3 Spellcasting
 + Level 4.9 Hexes
 + Level 4.2 Necromancy
 + Level 4.5 Ice Magic
 - Level 2.4 Invocations
 - Level 2.0 Evocations


You had 15 spell levels left.
You knew the following spells:

 Your Spells              Type           Power      Damage    Failure   Level
a - Ensorcelled Hibernat  Hex/Ice        40%        N/A       3%          2
b - Confusing Touch       Hex            21%        N/A       7%          3
c - Vampiric Draining     Necr           19%        2d7       10%         3

Your spell library contained the following spells:

 Spells                   Type           Power      Damage    Failure   Level
 Slow                     Hex            84%        N/A       2%          1
 Spider Form              Tmut/Pois      Unusable   N/A       N/A         3

Dungeon Overview and Level Annotations

Branches:
Dungeon (9/15)             Temple (0/1) D:7           Sewer (visited)
   Lair: D:8-11         Orc: D:9-12

Altars:
Nemelex Xobeh
Sif Muna

Shops:
D:6 (   D:9 *


Innate Abilities, Weirdness & Mutations

You are immune to poison.
Your flesh is cold resistant. (rC+)
You are immune to negative energy. (rN+++)
You are immune to unholy pain and torment.
You are vulnerable to heat. (rF-)
You do not drink.


Message History

An orc comes into view. It is wielding a +0 whip.
The kobold barely misses you.
The orc priest miscasts a cantrip.
You block the kobold's attack.
Things that are here:
a +0 dagger; 4 stones; a kobold corpse
Casting: Ensorcelled Hibernation (safe; 3% risk of failure)
Confirm with . or Enter, or press ? or * to list all spells.
Aiming: Ensorcelled Hibernation (safe; 3% risk of failure)
Press: ? - help, Shift-Dir - straight line, f - two-headed ogre
Aim: a two-headed ogre, wielding two +0 giant clubs (chance to affect: 32%)
Okay, then.
Casting: Ensorcelled Hibernation (safe; 3% risk of failure)
Confirm with . or Enter, or press ? or * to list all spells.
Your hands begin to glow red.
Unknown command.
Casting: Confusing Touch (dangerous; 7% risk of failure)
Confirm with . or Enter, or press ? or * to list all spells.
Aiming: Ensorcelled Hibernation (safe; 3% risk of failure)
Press: ? - help, Shift-Dir - straight line, f - two-headed ogre
Aim: a two-headed ogre, wielding two +0 giant clubs (chance to confuse on hit: 33%, chance to affect: 32%)
The two-headed ogre easily resists.
Casting: Ensorcelled Hibernation (safe; 3% risk of failure)
Confirm with . or Enter, or press ? or * to list all spells.
Aiming: Ensorcelled Hibernation (safe; 3% risk of failure)
Press: ? - help, Shift-Dir - straight line, f/p - two-headed ogre
Aim: a two-headed ogre, wielding two +0 giant clubs (chance to confuse on hit: 33%, chance to affect: 32%)
The two-headed ogre easily resists.
The two-headed ogre hits you with a +0 giant club!! x2
* * * LOW HITPOINT WARNING * * *
The orc priest casts a cantrip, but nothing happens.
Okay, then.
Okay, then.
As you read the scroll of fear, it crumbles to dust.
You assume a fearsome visage.
The two-headed ogre resists with some effort.
The orc priest looks frightened!
The two-headed ogre hits you but does no damage.
The two-headed ogre hits you with a +0 giant club!!
You die...

#..##.'....... #
#.....#...#### #
#....###### #..#.#
#....# #######o#
#...## #.......o
#.#.# #.#..o.(.
#..†#+### #........
#.....@.# '.o.....
#.....#O# #.#..##..
#.......####........
#.......oooo........
#..#..##############
#.....# #......
#..#.## #....


You could see a two-headed ogre and an orc.

Vanquished Creatures
  Harold (D:7)
  Pikel (D:6)
  A cyclops (D:7)
  Maurice (D:9)
  Joseph (D:7)
  Maggie (D:9)
  2 hornets
  Prince Ribbit (D:7)
  4 yaks (D:8)
  A wyvern (D:9)
  A steam dragon (D:8)
  2 water moccasins (D:8)
  3 sky beasts
  A hornet zombie (D:5)
  An ice beast (D:8)
  Pargi (Sewer)
  A necrophage (D:7)
  An ogre (D:6)
  4 centaurs
  A kobold brigand (D:8)
  2 phantoms (D:6)
  3 bullfrogs
  Blork the orc (D:5)
  A gnoll sergeant (D:8)
  2 scorpions
  A water moccasin zombie (D:5)
  A water moccasin skeleton (D:7)
  A centaur zombie (D:6)
  2 hounds
  3 jellies
  A centaur skeleton (D:7)
  4 iguanas
  Natasha (thrice) (D:4)
  2 orc wizards
  A hound skeleton (D:4)
  2 howler monkey zombies
  5 gnolls (D:8)
  A howler monkey skeleton (D:6)
  6 adders
  A shadow imp (D:7)
  2 ufetubi
  An adder skeleton (D:4)
  3 dart slugs
  10 orcs
  6 bats
  10 endoplasms
  9 giant cockroaches
  6 goblins
  5 hobgoblins
  2 jackals (D:3)
  14 kobolds
  2 quokkas
  11 ball pythons
  6 frilled lizards
  4 rats
164 creatures vanquished.

Vanquished Creatures (collateral kills)
  2 yaks (D:4)
  An orc (D:5)
3 creatures vanquished.

Vanquished Creatures (others)
  A yak (D:4)
1 creature vanquished.

Grand Total: 168 creatures vanquished

Notes
Turn   | Place    | Note
-------+----------+-------------------------------------------
     0 | D:1      | willcat the Mummy Brigand began the quest for the Orb.
     0 | D:1      | Reached XP level 1. HP: 16/16 MP: 1/1
   247 | D:1      | Reached skill level 1 in Dodging
   287 | D:1      | Found a faded altar of an unknown god.
   309 | D:1      | Reached XP level 2. HP: 4/22 MP: 2/2
   623 | D:1      | Prayed at the altar of an unknown god.
   623 | D:1      | Became a worshipper of Sif Muna the Loreminder
   623 | D:1      | Reached * piety under Sif Muna
   789 | D:1      | Reached XP level 3. HP: 23/27 MP: 3/3
  1584 | D:2      | Found a sparkling altar of Nemelex Xobeh.
  1628 | D:2      | Reached XP level 4. HP: 29/33 MP: 4/4
  2107 | D:3      | Reached ** piety under Sif Muna
  2752 | D:4      | Noticed a yak
  2752 | D:4      | Noticed a yak
  2768 | D:4      | Noticed a yak
  2769 | D:4      | Noticed a yak
  2917 | D:4      | Killed a yak
  2918 | D:4      | Reached skill level 2 in Spellcasting
  2918 | D:4      | Reached skill level 1 in Evocations
  2918 | D:4      | Reached XP level 5. HP: 33/38 MP: 5/8
  2918 | D:4      | Reached XP level 6. HP: 39/44 MP: 5/9
  2924 | D:4      | Killed a yak
  3376 | D:4      | Noticed Natasha
  3388 | D:4      | Killed Natasha
  3408 | D:4      | Noticed Natasha
  3419 | D:4      | Killed Natasha
  3505 | D:4      | Reached skill level 3 in Spellcasting
  3505 | D:4      | Reached XP level 7. HP: 37/50 MP: 11/11
  3628 | D:4      | Learned a level 2 spell: Ensorcelled Hibernation
  4127 | D:4      | Noticed Natasha
  4141 | D:4      | Killed Natasha
  4174 | D:5      | Entered Level 5 of the Dungeon
  4208 | D:5      | Reached skill level 1 in Shields
  4245 | D:5      | Noticed Blork the orc
  4249 | D:5      | Reached skill level 1 in Hexes
  4249 | D:5      | Reached skill level 1 in Ice Magic
  4258 | D:5      | Killed Blork the orc
  4831 | D:5      | Reached skill level 1 in Invocations
  4955 | D:5      | Reached skill level 5 in Stealth
  4955 | D:5      | Reached XP level 8. HP: 34/56 MP: 13/13
  5056 | D:5      | Reached skill level 4 in Spellcasting
  5730 | D:6      | Found a glowing drain.
  5741 | D:6      | Reached *** piety under Sif Muna
  5756 | Sewer    | Entered a sewer
  5816 | Sewer    | Noticed Pargi
  5830 | Sewer    | Killed Pargi
  6104 | D:6      | Found Xymop's Antique Weapon Shoppe.
  6109 | D:6      | Bought an ichor-stained dagger for 217 gold pieces
  6109 | D:6      | Identified the +8 dagger "Zyfuz" {protect, *Corrode rElec
                  | rN++ Int+3} (You bought it in a shop on level 6 of the
                  | Dungeon)
  6236 | D:6      | Noticed Pikel
  6247 | D:6      | Killed Pikel
  6534 | D:6      | Learned a level 3 spell: Confusing Touch
  6538 | D:6      | Learned a level 3 spell: Vampiric Draining
  6850 | D:6      | Reached skill level 5 in Spellcasting
  6928 | D:6      | Reached XP level 9. HP: 61/61 MP: 16/16
  6995 | D:7      | Noticed a cyclops
  7017 | D:7      | Killed a cyclops
  7018 | D:7      | Reached skill level 1 in Necromancy
  7115 | D:7      | Found a staircase to the Ecumenical Temple.
  7242 | D:7      | Noticed Joseph
  7256 | D:7      | Killed Joseph
  7278 | D:7      | Noticed Prince Ribbit
  7280 | D:7      | Noticed Harold
  7532 | D:7      | Killed Prince Ribbit
  7601 | D:7      | Identified the +8 whip of Melee {vorpal, rN+++ Str-3 Dex+3
                  | SInv}
  7907 | D:7      | Reached skill level 6 in Spellcasting
  8125 | D:7      | Killed Harold
  8126 | D:7      | Reached skill level 5 in Short Blades
  8126 | D:7      | Reached XP level 10. HP: 66/67 MP: 15/19
  8236 | D:7      | Reached **** piety under Sif Muna
  8905 | D:8      | Identified the +0 helmet of Circular Logic {Int+4}
  9313 | D:9      | Noticed Maurice
  9528 | D:8      | Reached skill level 7 in Spellcasting
  9604 | D:9      | Killed Maurice
  9692 | D:9      | Found Haox's General Store.
  9783 | D:9      | Noticed Maggie
  9799 | D:9      | Killed Maggie
 10007 | D:9      | Noticed a two-headed ogre
 10019 | D:9      | Slain by a two-headed ogre

Illustrated notes

Levels and vault maps discovered:
D:1:      giann_forest_graveyard, layout_rooms,
          chequers_ecumenical_altar_island, minmay_octomino_e4
D:2:      layout_basic, basic_altar, kennysheep_generic_room_7
D:3:      layout_loops_cross, patterned_corridor
D:4:      layout_basic, uniq_natasha
D:5:      layout_gridville, minivault_5, nicolae_concentric_dashed_squares_mild,
          uniq_blork_the_orc
D:6:      layout_loops_corners, portal_sewer_entry_a, serial_shops, shop,
          uniq_pikel
D:7:      layout_basic, minmay_temple_entry_large_hall, minmay_misc_feat_x,
          grunt_tough_drop, uniq_harold, uniq_prince_ribbit1, uniq_joseph
D:8:      layout_basic
D:9:      layout_stronghold, erik_orc_1, serial_shops, shop, uniq_maggie,
          uniq_erolcha, uniq_maurice

Skill      XL: |  1  2  3  4  5  6  7  8  9 10 |
---------------+-------------------------------+-----
Dodging        | 1 2 |  2.6
Throwing       | 2 |  2.2
Short Blades   | 2 3 4 5 |  5.7
Stealth        | 4 5 6 |  6.9
Spellcasting   | 2 3 5 6 7 |  7.3
Evocations     | 1 2 |  2.0
Shields        | 1 2 3 4 |  4.3
Hexes          | 1 2 4 |  4.9
Ice Magic      | 1 2 3 4 |  4.5
Invocations    | 1 2 |  2.4
Necromancy     | 3 4 |  4.2
Fighting       | |  2.0
Armour         | |  0.2

Action                   |  1- 3 |  4- 6 |  7- 9 | 10-12 || total
-------------------------+-------+-------+-------+-------++-------
Melee: Dagger            |   133 |   109 |   216 |   105 ||   563
       Short sword       |       |       |    77 |       ||    77
Throw: Dart              |       |     7 |     5 |       ||    12
       Throwing net      |       |       |     1 |       ||     1
 Cast: Ensorcelled Hiber |       |       |    25 |    37 ||    62
       Confusing Touch   |       |       |     7 |     8 ||    15
Evoke: Wand              |       |     1 |     4 |     2 ||     7
  Use: Scroll            |       |       |    10 |     2 ||    12
 Stab: Sleeping          |     4 |     9 |    23 |    15 ||    51
       Confused          |       |       |     4 |     7 ||    11
       Held in net/web   |       |       |     1 |       ||     1
       Paralysed         |       |       |       |     1 ||     1
Armor: Leather armour    |    29 |    26 |     6 |       ||    61
       Robe              |       |       |    57 |    36 ||    93
       Acid dragon scale |       |       |       |     2 ||     2
Dodge: Dodged            |    68 |    73 |   146 |    67 ||   354
Block: Buckler           |       |     6 |    63 |    29 ||    98

Table legend: (Time is in decaauts)
 A = Elapsed time spent in this place.
 B = Non-inter-level travel time spent in this place.
 C = Inter-level travel time spent in this place.
 D = Time resting spent in this place.
 E = Time spent auto-exploring this place.
 F = Levels seen in this place.
 G = Mean time per level.
                   A        B        C        D        E       F      G
               +--------+--------+--------+--------+--------+-----+--------+
         Total |   9943 |   9453 |    490 |   1203 |   6140 |  10 |  994.3 |
       Dungeon |   9604 |   9114 |    490 |   1018 |   6062 |   9 | 1067.1 |
         Sewer |    338 |    338 |      0 |    185 |     78 |   1 |  338.0 |
               +--------+--------+--------+--------+--------+-----+--------+

Top non-repeatable levels by time:
     D:5: 1453 daAuts
     D:7: 1416 daAuts
     D:4: 1312 daAuts
     D:6: 1021 daAuts
     D:1: 983 daAuts
     D:8: 958 daAuts
     D:3: 951 daAuts
     D:2: 910 daAuts
     D:9: 596 daAuts
   Sewer: 338 daAuts
